 Dungeon Crawl Stone Soup version 0.27-a0-1186-g8b4daa1eef (webtiles) character file.

Game seed: 18379544241529485283

(classic levelgen) 107 rlgrobin the Firebug (level 4, 23/24 HPs)
             Began as a Tengu Fire Elementalist on May 5, 2019.
             Quit the game on level 3 of the Dungeon on May 19, 2021.
             The game lasted 00:14:37 (3097 turns).

rlgrobin the Firebug (Tengu Fire Elementalist)      Turns: 3097, Time: 00:14:38

Health: 23/24      AC:  2    Str:  8    XL:     4   Next: 85%
Magic:  8/8        EV: 12    Int: 16    God:
Gold:   150        SH:  0    Dex: 15    Spells: 6/7 levels left

rFire    + + .     SeeInvis .   b - +0 dagger
rCold    x . .     Faith    .   (no shield)
rNeg     . . .     Spirit   .   a - +0 robe
rPois    .         Reflect  .   (helmet restricted)
rElec    .         Harm     .   (no cloak)
rCorr    .         Rampage  .   (no gloves)
Will     .....                  (boots unavailable)
Stlth    ++........             m - amulet of magic regeneration
HPRegen  0.08/turn              j - ring of protection from fire
MPRegen  0.36/turn              f - ring of fire

@: no status effects
A: beak, talons 3
a: no special abilities


You were on level 3 of the Dungeon.
You visited 1 branch of the dungeon, and saw 3 of its levels.

You collected 150 gold pieces.


Innate Abilities, Weirdness & Mutations

You have a beak for a mouth.
You have claws for feet.


   Skills:
 - Level 2.1 Dodging
 - Level 2.0 Stealth
 - Level 2.0 Spellcasting
 - Level 1.3 Conjurations
 + Level 5.9 Fire Magic


You had 6 spell levels left.
You knew the following spells:

 Your Spells              Type           Power      Damage    Failure   Level
z - Foxfire               Conj/Fire      80%        2x1d8     4%          1

Your spell library contained the following spells:

 Spells                   Type           Power      Damage    Failure   Level
 Conjure Flame            Conj/Fire      20%        6-21      14%         3
 Inner Flame              Hex/Fire       16%        N/A       19%         3
 Sticky Flame             Conj/Fire      20%        2d4       41%         4
 Fireball                 Conj/Fire      10%        3d6       77%         5

Inventory:

Hand Weapons
 b - a +0 dagger (weapon)
Missiles
 k - a throwing net (quivered) {=f}
Armour
 a - a +0 robe (worn)
Jewellery
 f - a ring of fire (right hand)
 g - a ring of wizardry
 j - a ring of protection from fire (left hand)
 l - a ring of protection from cold
 m - an amulet of magic regeneration (around neck)
Wands
 i - a wand of mindburst (10)
Scrolls
 d - 6 scrolls of identify {unknown}
 e - a scroll of fog {unknown}
 h - a scroll of magic mapping {unknown}
 n - a scroll of enchant armour {unknown}
Comestibles
 c - 2 removed foods

Dungeon Overview and Level Annotations

Branches:
Dungeon (3/15)

Altars:
Gozag
Qazlal

Annotations:
D:1 niggers

▒. ▒.▒ ▒.▒ ▒.▒ ▒
▒.▒▒▒▒▒▒▒▒▒▒▒▒.▒
▒.▒.......Q....▒
▒▒▒▒▒▒▒.▒.▒▒▒▒▒▒▒▒▒▒▒▒
...........▒
▒▒▒▒▒▒▒.▒..▒
........▒..▒
▒▒▒▒▒▒▒▒▒..▒
▒.........▒
▒...▒▒▒▒▒.▒ ▒...▒
▒...▒


There were no monsters in sight!


Message History

You skewer the giant cockroach but do no damage!
The giant cockroach waves its antennae!
The giant cockroach barely misses you!
You closely miss the giant cockroach! You claw the giant cockroach!
You peck the giant cockroach!
You annihilate the giant cockroach!!!
You see here a giant cockroach corpse!
Saving game!!! please wait!
Welcome back, rlgrobin the Tengu Fire Elementalist!
You see here a giant cockroach corpse!
You see here a giant cockroach corpse!
Options error: Bad object type '%' for autopickup. (~/.crawlrc:910) Options error: Bad stat_color pair: '7' (~/.crawlrc:994) Unknown value for tile_display_mode: 'true' (possible values: tiles/glyphs/hybrid Options error: Unknown monster: "worker ant:red B" (~/.crawlrc:1122) Options error: Unknown monster: "queen ant:lightgreen B" (~/.crawlrc:1123) Options error: Unknown monster: "soldier ant:white B" (~/.crawlrc:1124) Options error: Unknown monster: "chaos champion:9" (~/.crawlrc:1156) Options error: Unknown monster: "greater mummy:lightmagenta M" (~/.crawlrc:1165) Options error: Bad channel -- pray (~/.crawlrc:1390) Welcome back, rlgrobin the Tengu Fire Elementalist!
Are you sure you want to abandon this character and quit the game? (Confirm with "yes"!)

Action                   |  1- 3 |  4- 6 || total
-------------------------+-------+-------++-------
Melee: Unarmed           |     2 |       ||     2
       Dagger            |    15 |    50 ||    65
       Kick              |     6 |     6 ||    12
       Peck              |     1 |     9 ||    10
 Cast: Flame Tongue      |    18 |       ||    18
       Foxfire           |    13 |    28 ||    41
       Throw Flame       |     1 |       ||     1
 Stab: Sleeping          |     1 |       ||     1
Armor: Robe              |     3 |     7 ||    10
Dodge: Dodged            |    16 |    52 ||    68

Levels and vault maps discovered:
D:1:      lightli_molten_gateway, layout_rooms, kennysheep_nondescript,
          st_stairs_6
D:2:      layout_basic, grunt_temple_overflow_open, grunt_decor_arrowhead,
          serial_bayou_ford_a
D:3:      layout_basic

Notes
Turn   | Place    | Note
-------+----------+-------------------------------------------
     0 | D:1      | rlgrobin the Tengu Fire Elementalist began the quest for
                  | the Orb.
     0 | D:1      | Reached XP level 1. HP: 10/10 MP: 4/4
   245 | D:1      | Reached XP level 2. HP: 15/15 MP: 6/6
   248 | D:1      | Reached skill level 4 in Fire Magic
   399 | D:1      | *
   734 | D:1      | Upgraded the game from 0.24-a0-284-g9fb9971 to
                  | 0.24-a0-333-g864f2b5
   818 | D:1      | Learned a level 2 spell: Throw Flame
   820 | D:1      | Upgraded the game from 0.24-a0-333-g864f2b5 to
                  | 0.25-a0-443-gece2dee8bd
   843 | D:1      | Upgraded the game from 0.25-a0-443-gece2dee8bd to
                  | 0.26-a0-72-g09a6a6ccbd
   850 | D:1      | Upgraded the game from 0.26-a0-72-g09a6a6ccbd to
                  | 0.26-a0-540-g8a0c9464d7
   893 | D:1      | Reached XP level 3. HP: 19/19 MP: 5/7
  1248 | D:2      | Reached skill level 5 in Fire Magic
  1423 | D:2      | Found an opulent altar of Gozag.
  1435 | D:2      | Reached XP level 4. HP: 22/24 MP: 6/8
  1451 | D:2      | Found a stormy altar of Qazlal.
  3097 | D:3      | Upgraded the game from 0.26-a0-540-g8a0c9464d7 to
                  | 0.27-a0-1186-g8b4daa1eef
  3097 | D:3      | Quit the game

Vanquished Creatures
  5 adders
  An endoplasm (D:1)
  2 worms (D:2)
  A dart slug (D:1)
  4 orcs (D:2)
  A removed leopard gecko (D:2)
  3 giant cockroaches
  6 goblins
  4 hobgoblins
  2 quokkas (D:2)
  2 ball pythons
  5 bats
  A frilled lizard (D:1)
  7 kobolds
  A rat (D:1)
45 creatures vanquished.

Vanquished Creatures (others)
  60 foxfires
60 creatures vanquished.

Grand Total: 105 creatures vanquished
